Map: 2000 Atmospheres LE

Players

DPGZest (Zest) - Winner!

  • Race: Protoss Protoss
  • League: Master

Serral

  • Race: Zerg Zerg

Event: StayAtHome Story Cup #4

VOD

Have the link to the VOD?

Description

Time

  • Played on: Oct. 22, 2021, 7:10 a.m.
  • Length: 7:31

All games in this series

Show
View Real Time Build Order
Export as new Build Order

DPGZest Protoss - Winner!

Build Orders: 1 Gate Expand, Oracle Opening, Zealot Archon 

Get SALT Encoding   

  12  0:00  Probe  
  13  0:12  Probe  
  14  0:19  Pylon  
  14  0:24  Probe  
  15  0:37  Probe (Chrono Boost)  
  15  0:42  Gateway  
  16  0:47  Probe (Chrono Boost)  
  16  0:49  Assimilator  
  17  0:52  Probe (Chrono Boost)  
  18  1:03  Probe  
  19  1:16  Probe  
  20  1:26  Nexus  
  20  1:36  Cybernetics Core  
  20  1:39  Probe  
  21  1:44  Assimilator  
  21  1:51  Probe  
  22  1:54  Pylon  
  22  2:03  Probe (Chrono Boost)  
  23  2:14  Probe (Chrono Boost), Adept  
  26  2:18  Stargate  
  26  2:19  Probe (Chrono Boost)  
  27  2:26  Warp Gate  
  27  2:31  Probe (Chrono Boost)  
  28  2:38  Probe (Chrono Boost)  
  28  2:44  Adept  
  32  2:47  Probe (Chrono Boost)  
  32  2:48  Probe (Chrono Boost)  
  33  2:52  Void Ray (Chrono Boost)  
  33  2:53  Probe (Chrono Boost)  
  33  2:54  Probe  
  35  3:04  Probe  
  40  3:06  Probe  
  40  3:09  Pylon  
  41  3:14  Gateway  
  41  3:17  Probe  
  41  3:19  Probe  
  43  3:26  Oracle (Chrono Boost)  
  43  3:30  Probe  
  43  3:31  Probe  
  48  3:42  Probe  
  48  3:43  Probe  
  48  3:48  Nexus  
  50  3:51  Pylon  
  50  3:54  Probe  
  51  3:57  Probe  
  51  3:58  Assimilator  
  51  4:00  Assimilator  
  52  4:06  Probe  
  52  4:09  Probe  
  54  4:14  Void Ray  
  54  4:18  Probe  
  54  4:21  Probe  
  60  4:26  Pylon  
  60  4:28  Protoss Air Weapons Level 1  
  60  4:30  Probe  
  61  4:33  Probe  
  61  4:36  Forge, Twilight Council  
  62  4:44  Pylon, Probe  
  62  4:45  Probe  
  64  4:53  Void Ray  
  64  4:56  Probe (Chrono Boost)  
  64  4:58  Probe (Chrono Boost)  
  70  5:00  Probe (Chrono Boost)  
  70  5:03  Charge  
  70  5:05  Protoss Ground Weapons Level 1 (Chrono Boost)  
  73  5:08  Probe x2 (Chrono Boost)  
  73  5:09  Probe (Chrono Boost)  
  73  5:12  Probe (Chrono Boost)  
  73  5:13  Robotics Facility, Probe (Chrono Boost)  
  75  5:14  Probe (Chrono Boost)  
  77  5:22  Gateway, Probe  
  77  5:23  Gateway  
  77  5:26  Probe x2  
  80  5:29  Assimilator  
  80  5:31  Assimilator  
  80  5:35  Gateway  
  80  5:36  Gateway  
  80  5:40  Probe x3  
  83  5:43  Templar Archives  
  83  5:52  Gateway  
  83  5:53  Gateway  
  83  5:56  Gateway  
  83  6:02  Warp Prism (Chrono Boost)  
  83  6:08  Gateway  
  83  6:09  Pylon  
  89  6:18  Pylon  
  85  6:19  Pylon  
  85  6:21  High Templar x4, Void Ray  
  85  6:25  Pylon  
  93  6:27  Archon x2  
  93  6:29  Pylon  
  93  6:32  Pylon, Probe, Observer  
  98  6:33  Shield Battery  
  98  6:34  Pylon  
  98  6:37  Probe  
  100  6:40  Zealot x2  
  100  6:43  Pylon  
  104  6:52  Pylon  
  104  6:57  Zealot x3  
  104  6:58  Zealot x4  
  118  7:03  Zealot x3  
  124  7:22  Zealot x3  
  117  7:23  Zealot x6  
  117  7:26  Zealot  
Show
View Real Time Build Order
Export as new Build Order

Serral Zerg 

Build Orders: Hatch First 

Get SALT Encoding   

  12  0:00  Drone  
  13  0:12  Overlord  
  13  0:16  Drone  
  14  0:30  Drone x2  
  16  0:45  Drone  
  17  0:51  Hatchery  
  17  0:53  Drone  
  17  0:57  Drone  
  18  1:07  Extractor  
  17  1:14  Spawning Pool  
  17  1:17  Drone  
  17  1:21  Drone  
  18  1:28  Drone  
  19  1:38  Drone  
  20  1:48  Overlord  
  20  2:01  Queen  
  20  2:05  Queen  
  20  2:06  Zergling x4  
  26  2:11  Drone  
  27  2:16  Metabolic Boost  
  27  2:17  Drone  
  27  2:21  Drone  
  29  2:25  Drone  
  30  2:41  Queen  
  32  2:45  Hatchery, Drone  
  32  2:48  Drone  
  33  2:51  Overlord  
  33  2:54  Drone  
  33  2:56  Drone  
  36  2:58  Drone  
  36  3:03  Overlord  
  36  3:12  Drone  
  37  3:17  Drone x3  
  37  3:18  Drone x2  
  42  3:20  Drone  
  42  3:21  Overlord  
  42  3:26  Queen  
  45  3:31  Queen  
  45  3:34  Drone  
  48  3:35  Drone  
  48  3:38  Overlord  
  49  3:44  Zergling x6  
  52  3:50  Spore Crawler  
  52  3:52  Drone  
  52  3:53  Spore Crawler, Drone  
  52  3:57  Drone x2  
  52  3:58  Drone x2  
  52  4:02  Zergling x2  
  57  4:03  Drone  
  57  4:09  Drone  
  60  4:10  Drone  
  60  4:12  Overlord  
  60  4:13  Drone  
  60  4:14  Drone x2  
  62  4:18  Drone  
  62  4:19  Drone  
  62  4:23  Queen  
  65  4:25  Spore Crawler  
  65  4:26  Drone  
  65  4:32  Drone  
  65  4:34  Roach Warren  
  65  4:35  Drone x2  
  67  4:41  Zergling x2  
  67  4:42  Drone x3  
  67  4:44  Lair  
  71  4:47  Overlord, Extractor  
  71  4:48  Extractor  
  71  4:52  Drone x2  
  71  4:54  Drone x2  
  71  4:57  Drone  
  71  4:58  Overlord  
  73  5:02  Overlord  
  73  5:08  Queen  
  73  5:09  Drone x5  
  73  5:13  Drone  
  81  5:16  Extractor  
  81  5:19  Overlord, Evolution Chamber  
  79  5:24  Hatchery, Drone  
  79  5:25  Drone  
  79  5:26  Drone  
  79  5:28  Drone  
  82  5:29  Drone x2  
  82  5:33  Drone x3  
  87  5:36  Queen  
  87  5:38  Extractor  
  87  5:42  Pneumatized Carapace  
  88  5:43  Queen  
  88  5:44  Overseer  
  88  5:46  Drone x2  
  88  5:48  Extractor  
  91  5:50  Drone x2  
  91  5:52  Drone x2  
  91  5:55  Overlord  
  91  5:56  Drone x2  
  97  5:58  Glial Reconstitution  
  96  6:06  Zergling x6  
  96  6:07  Infestation Pit, Zergling x2  
  96  6:09  Overlord  
  99  6:11  Drone  
  99  6:12  Drone  
  99  6:18  Drone x2, Spire  
  102  6:22  Drone x3  
  102  6:23  Drone  
  106  6:30  Overlord  
  106  6:32  Drone x3  
  109  6:33  Overlord  
  109  6:37  Overlord  
  109  6:38  Spore Crawler  
  108  6:41  Extractor  
  108  6:43  Extractor  
  110  6:47  Roach x8  
  110  6:51  Roach  
  110  6:52  Roach x2  
  110  6:53  Roach  
  132  6:57  Roach x3  
  132  6:59  Roach  
  136  7:03  Roach  
  147  7:08  Roach x2  
Tags
 
Add a new tag
Caveats
  • Supply blocks, unpowered buildings, or Contaminate may cause inaccurate times.
  • Supply counts are checked every 10 seconds.